 Dungeon Sprint DCSS version 0.30-a0-223-gcb0039aa0c (webtiles) character file.

Game seed: 15053624695121545400

1247 rocky1 the Thaumaturge (level 8, -2/65 HPs)
             Began as a Djinni Fire Elementalist on Oct 10, 2022.
             Was an Initiate of Gozag.
             Slain by Snorg (21 damage)
             ... in the Dungeon (Sprint III: "The Ten Rune Challenge").
             The game lasted 00:04:56 (1431 turns).

rocky1 the Thaumaturge (Djinni Fire Elementalist)   Turns: 1431, Time: 00:04:57

Health: -2/65      AC:  3    Str:  7    XL:     8   Next: 79%
Gold:   38         EV: 16    Int: 19    God:    Gozag SH:  0 Dex: 14

rFire   + + .      SeeInvis .    m - +0 long sword (holy)
rCold   x . .      Faith    .    (no shield)
rNeg    . . .      Spirit   .    a - +0 robe
rPois   ∞          Reflect  .    (no helmet)
rElec   .          Harm     .    i - +0 cloak
rCorr   .          Rampage  .    (no gloves)
Will    .....      NoTele   +    (boots unavailable)
Stlth   ++++......               (no amulet)
HPRegen 0.30/turn                (no ring)
MPRegen 0.00/turn                (no ring)

@: flying
A: sickness immunity, fire resistance 2, cold vulnerability 1, float, innate
caster, HP casting, extra vitality 1
a: Renounce Religion, Potion Petition, Call Merchant, Bribe Branch


You were in the Dungeon.
You worshipped Gozag.
Gozag was noncommittal.
You visited 1 branch You collected 38 gold pieces.

Inventory:

Hand Weapons
 m - a +0 long sword of holy wrath (weapon)
Armour
 a - a +0 robe (worn)
 i - a +0 cloak (worn)
Wands
 n - a wand of light (7)
Scrolls
 f - a scroll of blinking
 j - 2 scrolls of immolation {unknown}
 k - 4 scrolls of identify
Potions
 b - 2 potions of curing
 d - a potion of haste
 g - a potion of ambrosia {unknown}
 h - a potion of might
 l - 5 potions of mutation
Miscellaneous
 e - a box of beasts


   Skills:
 - Level 8.0 Fighting
 - Level 9.1 Dodging
 - Level 7.5 Stealth
 * Level 9.6 Spellcasting


You had 7 spell levels left.
You knew the following spells:

 Your Spells              Type           Power      Damage    Failure   Level
a - Foxfire               Conj/Fire      100%       2x1d9     1%          1
b - Scorch                Fire           90%        2d10      1%          2
c - Kindle Blastsparks    Fire/Tloc/Air  90%        2d17      1%          3
d - Inner Flame           Hex/Fire       45%        N/A       1%          3
e - Flame Wave            Conj/Fire      45%        2d12      1%          4
f - Summon Small Mammal   Summ           100%       N/A       1%          1
g - Passwall              Tmut/Erth      37%        N/A       1%          2
h - Mephitic Cloud        Conj/Pois/Air  45%        N/A       1%          3
Your spell library was empty.

Dungeon Overview and Level Annotations

Branches:
Dungeon (1/1)

Altars:
Cheibriados
Dithmenos
Elyvilon
Fedhas
Gozag
Hepliaklqana
Makhleb
Nemelex Xobeh
Okawaru
Qazlal
Ru
Trog
Uskayaw
Wu Jian
Xom
Yredelemnul
Zin
The Shining One
Jiyva
Lugonu

Annotations:
D Snorg


Innate Abilities, Weirdness & Mutations

You are immune to sickness and miasma.
You are immune to poison.
Your flesh is very heat resistant. (rF++)
You are vulnerable to cold. (rC-)
You float through the air rather than walking.
You learn spells naturally, not from books.
Your magical power is your life essence.
You have superior vitality. (+4 MHP)


Message History

There is an open door here.
Snorg the Insatiable comes into view.
Snorg moves out of view.
Casting: Scorch (safe; 1% risk of failure)
Confirm with . or Enter, or press ? or * to list all spells.
You can't see any susceptible monsters within range! (Use Z to cast anyway.)
Casting: Scorch (safe; 1% risk of failure)
Confirm with . or Enter, or press ? or * to list all spells.
Flames lash Snorg.
Snorg shouts!
Snorg is lightly wounded.
Snorg's fire resistance burns away.
Snorg goes berserk!
Casting: Scorch (safe; 1% risk of failure)
Confirm with . or Enter, or press ? or * to list all spells.
Flames lash Snorg.
Snorg is burned terribly!
Snorg is moderately wounded.
Snorg bites you! Snorg claws you but does no damage. Snorg barely misses you.
Casting: Scorch (safe; 1% risk of failure)
Confirm with . or Enter, or press ? or * to list all spells.
Flames lash Snorg.
Snorg is burned terribly!
Snorg is moderately wounded.
Snorg closely misses you. Snorg claws you but does no damage. Snorg misses you.
Casting: Scorch (safe; 1% risk of failure)
Confirm with . or Enter, or press ? or * to list all spells.
Flames lash Snorg.
Snorg is burned terribly!
Snorg is heavily wounded.
Snorg closely misses you. Snorg claws you!! Snorg barely misses you.
Snorg bites you. Snorg closely misses you. Snorg claws you!
* * * LOW HITPOINT WARNING * * *
You feel much better. Snorg misses you. Snorg closely misses you.
Snorg claws you!
Unknown command.
Casting: Scorch (safe; 1% risk of failure)
Confirm with . or Enter, or press ? or * to list all spells.
Flames lash Snorg.
Snorg is burned terribly!
Snorg is heavily wounded.
* * * LOW HITPOINT WARNING * * *
Snorg misses you. Snorg claws you!!
You die...
Your body crumbles into a pile of gold. #.############$ $$$$$

..#___#___#__# $
..#..)#__.#._# $ $
..###'#'###'##$$
..#..........# $
..'.⌠........#$$$$
$$ ..#...######'# $
$ $$
..#.⌠.#__#...#+#####
..#...#__#...#..@§§+
..#'###__#...#.#T§§#
..#.).#__#...'.#§§§#
..#___#__'...#.#§..#
▓▓▓▓▓▓▓▓▓▓▓▓▓▓▓▓▓▓▓▓


You could see Snorg (berserk, combustible).

Vanquished Creatures
  A deep elf pyromancer (D)
  A shadow (D)
  A spatial vortex (D)
  A water elemental (D)
  A necrophage (D)
  A jelly (D)
  Crazy Yiuf (D)
  Jessica (D)
  A necromancer (D)
  A wizard (D)
  3 humans (D)
  A kobold demonologist (D)
  3 rats (D)
17 creatures vanquished.

Vanquished Creatures (others)
  16 foxfires (D)
  2 plants (D)
18 creatures vanquished.

Grand Total: 35 creatures vanquished

Notes
Turn   | Place    | Note
-------+----------+-------------------------------------------
     0 | D        | rocky1 the Djinni Fire Elementalist began the quest for the
                  | Orb.
     0 | D        | rocky1 set off with the following spells memorised:
                  | Foxfire, Scorch, Kindle Blastsparks, Inner Flame, Flame
                  | Wave.
     0 | D        | Reached XP level 1. HP: 15/15 MP: 0/0
    47 | D        | Noticed Jessica
    51 | D        | Killed Jessica
    52 | D        | Reached XP level 2. HP: 23/24 MP: 0/0
    52 | D        | Reached XP level 3. HP: 27/29 MP: 0/0
    52 | D        | Learned a level 1 spell: Summon Small Mammal
   263 | D        | Noticed Crazy Yiuf
   268 | D        | Killed Crazy Yiuf
   269 | D        | Reached XP level 4. HP: 13/35 MP: 0/0
   431 | D        | Noticed a water elemental
   435 | D        | Killed a water elemental
   436 | D        | Reached skill level 5 in Dodging
   436 | D        | Reached skill level 5 in Spellcasting
   436 | D        | Reached XP level 5. HP: 33/41 MP: 0/0
   436 | D        | Learned a level 2 spell: Passwall
   606 | D        | Found a glowing silver altar of Zin.
   606 | D        | Found a glowing golden altar of the Shining One.
   606 | D        | Found a white marble altar of Elyvilon.
   607 | D        | Noticed a deep elf pyromancer
   610 | D        | Killed a deep elf pyromancer
   611 | D        | Reached XP level 6. HP: 36/51 MP: 0/0
   611 | D        | Reached XP level 7. HP: 40/57 MP: 0/0
   611 | D        | Learned a level 3 spell: Mephitic Cloud
   670 | D        | Found a hide-covered altar of Uskayaw.
   670 | D        | Found an iron altar of Okawaru.
   670 | D        | Found a bloodstained altar of Trog.
   670 | D        | Found an ornate altar of the Wu Jian Council.
   670 | D        | Noticed a human
   672 | D        | Noticed a human
   673 | D        | Killed a human
   677 | D        | Killed a human
   678 | D        | Reached XP level 8. HP: 27/64 MP: 0/0
   804 | D        | Found a basalt altar of Yredelemnul.
   804 | D        | Found a shadowy altar of Dithmenos.
   804 | D        | Found a sacrificial altar of Ru.
   939 | D        | Noticed a shadow
   941 | D        | Killed a shadow
  1024 | D        | Found a blossoming altar of Fedhas.
  1024 | D        | Found a stormy altar of Qazlal.
  1024 | D        | Found a snail-covered altar of Cheibriados.
  1024 | D        | Found a burning altar of Makhleb.
  1024 | D        | Found a shimmering altar of Xom.
  1025 | D        | Found a hazy altar of Hepliaklqana.
  1025 | D        | Found an opulent altar of Gozag.
  1025 | D        | Found a sparkling altar of Nemelex Xobeh.
  1025 | D        | Found a corrupted altar of Lugonu.
  1025 | D        | Found a viscous altar of Jiyva.
  1404 | D        | Became a worshipper of Gozag Ym Sagoz the Greedy
  1419 | D        | Noticed Snorg
  1431 | D        | Slain by Snorg

Illustrated notes

Levels and vault maps discovered:
D:        dungeon_sprint_mu [sprint_mu_entry_cave, sprint_mu_temple_rooms,
          sprint_mu_d1_horrors, sprint_mu_d2_genie, sprint_mu_d3_branching,
          sprint_mu_orc_legion, sprint_mu_elf_gauntlet, sprint_mu_hive_nellie,
          sprint_mu_lair_fedhas, sprint_mu_vaults_butterflies,
          sprint_mu_slime_circle, sprint_mu_swamp_cave, sprint_mu_snake_twists,
          sprint_mu_blade_basic, sprint_mu_crypt_chambers,
          sprint_mu_tomb_spiral, sprint_mu_vestibule_basic,
          sprint_mu_gehenna_hellfire, sprint_mu_dis_giant,
          sprint_mu_tartarus_statrot, sprint_mu_cocytus_islands, sprint_mu_zot1]

Skill      XL: |  1  2  3  4  5  6  7  8 |
---------------+-------------------------+-----
Fighting       | 2 3 4 6 7 8 |  8.0
Dodging        | 3 4 5 7 8 9 |  9.1
Stealth        | 2 3 4 6 7 |  7.5
Spellcasting   | 3 4 5 7 8 9 |  9.6

Action                   |  1- 3 |  4- 6 |  7- 9 || total
-------------------------+-------+-------+-------++-------
Melee: Unarmed           |     2 |       |       ||     2
       Long sword        |       |       |     8 ||     8
 Cast: Foxfire           |     9 |       |       ||     9
       Scorch            |     6 |     7 |    24 ||    37
  Use: Potion            |       |       |     2 ||     2
 Stab: Sleeping          |       |       |     1 ||     1
Armor: Robe              |       |       |     2 ||     2
Dodge: Dodged            |     1 |     1 |    16 ||    18

Table legend: (Time is in decaauts)
 A = Elapsed time spent in this place.
 B = Non-inter-level travel time spent in this place.
 C = Inter-level travel time spent in this place.
 D = Time resting spent in this place.
 E = Time spent auto-exploring this place.
 F = Levels seen in this place.
 G = Mean time per level.
                   A        B        C        D        E       F      G
               +--------+--------+--------+--------+--------+-----+--------+
         Total |   1441 |   1441 |      0 |   1140 |      0 |   1 | 1441.0 |
       Dungeon |   1441 |   1441 |      0 |   1140 |      0 |   1 | 1441.0 |
               +--------+--------+--------+--------+--------+-----+--------+

Top non-repeatable levels by time:
       D: 1441 daAuts
